 Dungeon Crawl Stone Soup version 0.16-a0-3667-g690a316 (webtiles) character file.

50 backslashecho the Digger (level 3, 3/36 HPs)
             Began as a Bearkin Earth Elementalist on Apr 12, 2015.
             Quit the game on level 2 of the Dungeon.
             The game lasted 00:04:11 (1757 turns).

backslashecho the Digger (BeEE)                     Turns: 1757, Time: 00:04:11

Health: 3/36       AC:  3    Str: 16    XL:     3   Next: 55%
Magic:  6/6        EV: 12    Int: 15    God:
Gold:   30         SH:  0    Dex: 11    Spells: 1 memorised, 6 levels left

rFire  . . .     SeeInvis .       - Unarmed
rCold  . . .     Clarity  .     c - +0 robe
rNeg   . . .     SustAb   .     (no shield)
rPois  .         Gourm    .     (no helmet)
rElec  .         Spirit   .     (no cloak)
rCorr  .         Warding  .     (no gloves)
rMut   .         Stasis   .     (no boots)
MR     .....                    (no amulet)
Stlth  ..........               (no ring)
                                (no ring)

@: berserking, lethally poisoned, very quick, not resistant to hostile
enchantments, extremely unstealthy
A: claws 1, shaggy fur 1, hind claws 1, cornered berserk
a: Cornered Berserk


You were on level 2 of the Dungeon.
You were not hungry.

You visited 1 branch of the dungeon, and saw 2 of its levels.

You collected 30 gold pieces.

Inventory:

Missiles
 b - 98 stones (quivered)
Armour
 c - a +0 robe (worn)
Jewellery
 f - an uncursed ring of poison resistance {unknown}
 g - an uncursed ring of ice {unknown}
Scrolls
 e - 2 scrolls of identify {unknown}
 l - a scroll of blinking {unknown}
 n - a scroll of fog {unknown}
Books
 d - a book of Geomancy

   Spells                             Type                      Level
   a - Sandblast                      Earth                        1
   b - Stoneskin                      Transmutation/Earth          2
   c - Passwall                       Transmutation/Earth          3
   d - Stone Arrow                    Conjuration/Earth            3
   e - Petrify                        Transmutation/Earth          4
   f - Lee's Rapid Deconstruction     Earth                        5
Comestibles
 a - 2 bread rations
 h - 3 fruits
 j - 2 chunks of flesh
 k - a meat ration
 m - a beef jerky


   Skills:
 - Level 1.5 Dodging
 - Level 1.5 Stealth
 + Level 1.2 Unarmed Combat
 + Level 2.5 Spellcasting
   Level 1.0 Transmutations
 * Level 3.9 Earth Magic


You had 6 spell levels left.
You knew the following spells:

 Your Spells              Type           Power        Failure   Level  Hunger
a - Sandblast             Erth           ##....       4%          1    #......


Dungeon Overview and Level Annotations

Branches:
Dungeon (2/15)

Altars:
Nemelex Xobeh
Qazlal


Innate Abilities, Weirdness & Mutations

You have sharp fingernails.
You are covered in fur (AC +1).
Your hind legs have claws.
You can berserk when greatly wounded.


Message History

* * * LOW HITPOINT WARNING * * *
Drink which item? (? for menu, Esc to quit)
It was a potion of restore abilities.
You feel refreshed.
* * * LOW HITPOINT WARNING * * *
You feel sick. The adder closely misses you.
Use which ability? (? or * to list)
A red film seems to cover your vision as you go berserk!
You feel yourself moving faster!
You feel mighty!
* * * LOW HITPOINT WARNING * * *
You feel sick. The adder bites you but does no damage.
You miss the adder. You claw the adder.
You kill the adder!
* * * LOW HITPOINT WARNING * * *
You feel sick.
You are alive.
You are possessed by a berserker rage.
You are lethally poisoned (3 -> -3).
You feel cornered and can go berserk.
Your movement speed is very quick.
Your attack speed is average.
You are not resistant to hostile enchantments.
You feel extremely unstealthy.
Are you sure you want to abandon this character and quit the game? (Confirm with "yes".)

###################
#.....@...........#
#.###############.#
#.# #.# #.# #.#
#######.#
...######.......#
.............####


There were no monsters in sight!

Vanquished Creatures
  An adder (D:2)
  2 worms
  3 goblins (D:1)
  2 hobgoblins (D:1)
  5 jackals
  A kobold (D:1)
  3 ball pythons
  6 bats
  7 rats
30 creatures vanquished.

Notes
Turn   | Place    | Note
--------------------------------------------------------------
     0 | D:1      | backslashecho, the Bearkin Earth Elementalist, began the quest for the Orb.
     0 | D:1      | Reached XP level 1. HP: 13/13 MP: 3/3
   704 | D:1      | Found a sparkling altar of Nemelex Xobeh.
   737 | D:1      | Reached XP level 2. HP: 19/19 MP: 4/4
  1515 | D:2      | Reached XP level 3. HP: 24/24 MP: 0/6
  1603 | D:2      | Found a stormy altar of Qazlal.
  1673 | D:2      | Reached skill level 1 in Unarmed Combat
  1757 | D:2      | Quit the game

Action                   || total
-------------------------++-------
Melee: Unarmed           ||   104
       Spear             ||    13
 Cast: Sandblast         ||     5
 Abil: Cornered Berserk  ||     1
  Use: Potion            ||     1
 Stab: Sleeping          ||     1
  Eat: Chunk             ||     3
